 Dungeon Crawl Stone Soup version 0.26-a0-651-gb41185065b (webtiles) character file.

Game seed: 5260155622837119280

323 HoaS the Shield-Bearer (level 6, -12/47 HPs)
             Began as a Formicid Fighter on Oct 4, 2020.
             Mangled by an orc priest
             ... wielding a +1 dagger of distortion
              (17 damage)
             ... on level 4 of the Dungeon.
             The game lasted 00:07:00 (2331 turns).

HoaS the Shield-Bearer (Formicid Fighter)           Turns: 2331, Time: 00:07:00

Health: -12/47     AC: 14    Str: 22    XL:     6   Next: 77%
Magic:  6/6        EV:  6    Int:  8    God:
Gold:   226        SH: 10    Dex: 10    Spells: 5/5 levels left

rFire    . . .     SeeInvis +   a - +0 war axe
rCold    . . .     Faith    .   c - +0 kite shield
rNeg     . . .     Spirit   .   o - +0 chain mail (curse)
rPois    +         Reflect  .   (helmet unavailable)
rElec    .         Harm     .   h - +2 cloak
rCorr    .         Rampage  .   (no gloves)
MR       .....                  l - +1 pair of boots
Stlth    ..........             (no amulet)
HPRegen  0.15/turn              k - ring of poison resistance
MPRegen  0.10/turn              (no ring)

@: no status effects
A: permanent stasis, dig shafts and tunnels, four strong arms, antennae 3
a: Dig, Shaft Self


You were on level 4 of the Dungeon.
You visited 1 branch of the dungeon, and saw 4 of its levels.

You collected 226 gold pieces.

Inventory:

Hand Weapons
 a - a +0 war axe (weapon)
Armour
 c - a +0 kite shield (worn)
 h - a +2 cloak (worn)
 l - a +1 pair of boots (worn)
 o - a cursed +0 chain mail (worn)
Jewellery
 f - an uncursed ring of ice
 k - a ring of poison resistance (left hand)
Potions
 b - a potion of mutation {unknown}
 e - a potion of haste {unknown}
 g - a potion of stabbing
 i - a potion of invisibility
 m - 2 potions of heal wounds


   Skills:
 - Level 3.2 Fighting
 * Level 5.5 Axes
 - Level 3.2 Armour
 + Level 5.6 Shields


You had 5 spell levels left.
You didn't know any spells.
Your spell library was empty.

Dungeon Overview and Level Annotations

Branches:
Dungeon (4/15)
 Temple: D:4-7

Altars:
Qazlal
Uskayaw
Wu Jian


Innate Abilities, Weirdness & Mutations

You cannot be hasted, slowed, berserked, paralysed or teleported.
You can dig through walls and to a lower floor.
Your four strong arms can wield two-handed weapons with a shield.
You have a pair of large antennae on your head. (SInv)


Message History

You block the orc priest's attack.
You closely miss the orc priest.
The orc priest is moderately wounded.
The orc priest hits you but does no damage.
Space bends around you.
The orc priest invokes the aid of Beogh against you.
Beogh smites you!
Your shield prevents you from hitting the orc priest.
The orc priest is moderately wounded.
The orc priest hits you with a +1 dagger of distortion.
You hit the orc priest but do no damage.
The orc priest is moderately wounded.
The orc priest mumbles some strange prayers to Beogh against you.
Beogh smites you!
* * * LOW HITPOINT WARNING * * *
You hit the orc priest.
The orc priest is heavily wounded.
The orc priest hits you but does no damage.
Space warps horribly around you!
You die...

#...#####...........
#...#...#....#.....##
#...#.⌠.#....#.....##
#...#...#...........
#...##'##..........
#8.8.8.8.8........# ..
#................# ....
#....8.8.........##.....
#...............@o......
#................#......
###########....### ....8
#....# .... ##.### #..
##.## # #)## ##.# ###


You could see an orc priest.

Vanquished Creatures
  An ogre (D:4)
  A hound (D:4)
  An orc wizard (D:4)
  A worker ant (D:4)
  3 gnolls (D:2)
  A howler monkey skeleton (D:4)
  4 adders
  An ooze (D:2)
  3 worms
  3 dart slugs
  4 leopard geckos
  4 orcs
  5 giant cockroaches
  5 goblins
  8 hobgoblins
  3 quokkas
  6 bats (D:2)
  4 frilled lizards
  5 kobolds
  A leopard gecko skeleton (D:4)
  5 rats
69 creatures vanquished.

Notes
Turn   | Place    | Note
-------+----------+-------------------------------------------
     0 | D:1      | HoaS the Formicid Fighter began the quest for the Orb.
     0 | D:1      | Reached XP level 1. HP: 18/18 MP: 1/1
    67 | D:1      | Reached XP level 2. HP: 24/24 MP: 2/2
   621 | D:2      | Reached XP level 3. HP: 19/29 MP: 3/3
   835 | D:2      | Reached XP level 4. HP: 35/35 MP: 4/4
  1249 | D:2      | Reached XP level 5. HP: 41/41 MP: 5/5
  1436 | D:3      | Found a stormy altar of Qazlal.
  1607 | D:3      | Found an ornate altar of the Wu Jian Council.
  1812 | D:3      | Found a hide-covered altar of Uskayaw.
  1812 | D:3      | Noticed a +0 dagger
  1813 | D:3      | Noticed a +0 hand axe
  2156 | D:4      | Noticed an ogre
  2164 | D:4      | Killed an ogre
  2164 | D:4      | Reached skill level 5 in Shields
  2164 | D:4      | Reached XP level 6. HP: 45/47 MP: 6/6
  2169 | D:4      | Reached skill level 5 in Axes
  2331 | D:4      | Mangled by an orc priest

Illustrated notes

Levels and vault maps discovered:
D:1:      heliophobic_arrival_enchanted_forest, layout_loops_ring,
          chequers_serial_rivers_micro_d
D:2:      layout_loops_ring, minmay_fractal_squares_gapless_5
D:3:      layout_basic, dancing_weapons_uskayaw, lemuel_crystal_altar,
          overflow_temple_1_default, chequers_serial_rivers_micro_c
D:4:      layout_cave_pools, serial_column_ruins, column_ruins_hut_pillars,
          column_ruins_hut, column_ruins_columns_dead_end,
          column_ruins_corridor_T, column_ruins_grid_4, uniq_duvessa

Skill      XL: |  1  2  3  4  5  6 |
---------------+-------------------+-----
Shields        | 4 5 |  5.6
Axes           | 3 4 5 |  5.5
Fighting       | |  3.2
Armour         | |  3.2

Action                   |  1- 3 |  4- 6 || total
-------------------------+-------+-------++-------
Melee: War axe           |    76 |   151 ||   227
 Abil: Dig               |       |     2 ||     2
  Use: Scroll            |       |    11 ||    11
       Potion            |       |     1 ||     1
Armor: Scale mail        |    37 |    37 ||    74
       Chain mail        |       |    18 ||    18
Dodge: Dodged            |    32 |    43 ||    75
Block: Kite shield       |    32 |    89 ||   121

Table legend: (Time is in decaauts)
 A = Elapsed time spent in this place.
 B = Non-inter-level travel time spent in this place.
 C = Inter-level travel time spent in this place.
 D = Time resting spent in this place.
 E = Time spent auto-exploring this place.
 F = Levels seen in this place.
 G = Mean time per level.
                   A        B        C        D        E       F      G
               +--------+--------+--------+--------+--------+-----+--------+
         Total |   2412 |   2283 |    129 |     68 |   1593 |   4 |  603.0 |
       Dungeon |   2412 |   2283 |    129 |     68 |   1593 |   4 |  603.0 |
               +--------+--------+--------+--------+--------+-----+--------+

Top non-repeatable levels by time:
     D:2: 883 daAuts
     D:3: 732 daAuts
     D:1: 602 daAuts
     D:4: 194 daAuts
